Map: Pillars of Gold LE

Players

A.I. 1 (Very Easy)

  • Race: Terran Terran

jplex - Winner!

  • Race: Terran Terran

VOD

Have the link to the VOD?

Description

practice staircase method step 1

Time

  • Played on: June 22, 2021, 9:30 p.m.
  • Length: 11:47
Show
View Real Time Build Order
Export as new Build Order

A.I. 1 (Very Easy) Terran 

Build Orders: Reaper Expand 

Get SALT Encoding   

  12  0:00  SCV  
  13  0:13  SCV  
  14  0:20  Supply Depot  
  14  0:47  Barracks  
  14  1:06  Command Center  
  14  1:32  Supply Depot  
  14  1:36  Orbital Command  
  14  1:37  Marine  
  14  1:38  Refinery  
  15  1:50  Refinery  
  15  2:02  SCV  
  16  2:14  SCV  
  17  2:17  Reaper  
  17  2:18  SCV  
  19  2:26  SCV  
  20  2:32  SCV  
  21  2:39  SCV  
  22  2:47  SCV  
  23  2:54  SCV  
  24  3:00  Refinery  
  24  3:01  SCV  
  25  3:08  Marine, SCV  
  27  3:15  SCV  
  28  3:22  SCV  
  28  3:23  Factory  
  29  3:46  Refinery  
  29  3:48  SCV  
  30  3:56  SCV  
  30  3:58  Supply Depot  
  30  3:59  Barracks Tech Lab  
  31  4:03  SCV  
  32  4:10  SCV  
  32  4:12  Starport  
  33  4:17  Marine, SCV  
  35  4:24  SCV  
  36  4:31  SCV  
  36  4:34  Supply Depot  
  37  4:39  SCV  
  38  4:46  SCV  
  38  4:49  Starport Tech Lab  
  39  4:53  SCV  
  39  5:00  SCV  
  40  5:07  SCV  
  40  5:08  Marine, Raven  
  44  5:14  SCV  
  45  5:22  SCV  
  46  5:29  SCV  
  47  5:51  Raven  
  49  5:59  Marauder  
  51  6:50  Marauder  
  53  7:40  Marine  
  54  9:58  Marine  
  52  10:03  Supply Depot  
  52  10:09  SCV  
  50  10:16  SCV  
  48  10:23  SCV  
  48  10:27  Viking  
  45  10:31  SCV  
  44  10:38  SCV  
  39  10:50  Supply Depot  
  39  10:52  SCV  
  39  10:56  Hellion  
  24  11:04  SCV  
  15  11:16  SCV  
  7  11:30  Supply Depot  
Show
View Real Time Build Order
Export as new Build Order

jplex Terran - Winner!

Build Orders:  

Get SALT Encoding   

  12  0:00  SCV  
  13  0:12  SCV  
  14  0:20  Supply Depot  
  14  0:24  SCV  
  15  0:42  SCV  
  16  0:45  Barracks  
  16  0:54  SCV  
  17  1:06  SCV  
  18  1:18  SCV  
  19  1:21  Barracks  
  19  1:30  SCV  
  20  1:33  Marine  
  21  1:46  Orbital Command  
  21  1:51  Marine  
  22  1:58  Supply Depot  
  22  2:02  Supply Depot  
  22  2:08  Marine  
  23  2:20  Marine  
  24  2:26  Marine, Command Center  
  25  2:31  SCV  
  26  2:37  Marine  
  26  2:43  Marine, SCV  
  29  2:55  Marine, SCV  
  31  3:03  Marine  
  32  3:07  SCV  
  33  3:13  Marine  
  33  3:14  Barracks  
  33  3:19  SCV  
  35  3:21  Marine  
  36  3:31  Marine, SCV  
  38  3:37  Orbital Command  
  38  3:39  Marine  
  39  3:43  SCV  
  40  3:49  Marine  
  41  3:56  Marine, SCV  
  41  4:01  Marine  
  44  4:06  Marine  
  44  4:08  SCV x2  
  47  4:14  Marine  
  48  4:18  Marine  
  48  4:20  SCV x2  
  51  4:24  Marine  
  52  4:32  SCV x2  
  54  4:43  Command Center  
  54  4:48  Supply Depot  
  54  4:50  Supply Depot  
  54  5:09  Marine x3  
  54  5:10  SCV x2  
  59  5:15  Barracks  
  59  5:17  Barracks  
  59  5:22  SCV x2  
  59  5:27  Marine x3  
  64  5:34  SCV x2  
  66  5:35  Supply Depot  
  66  5:43  Supply Depot  
  66  5:45  Marine x3  
  69  5:54  SCV x2  
  71  6:00  Supply Depot  
  71  6:03  Marine x4  
  75  6:04  Marine  
  75  6:06  SCV x2  
  78  6:17  Orbital Command  
  79  6:18  SCV  
  79  6:19  SCV  
  79  6:21  Marine x4  
  79  6:22  Marine  
  79  6:24  Supply Depot  
  85  6:30  SCV  
  85  6:31  SCV  
  87  6:38  Marine x2  
  87  6:39  Marine x3  
  91  6:42  SCV  
  91  6:43  SCV  
  94  6:49  Supply Depot  
  94  6:56  Marine x3  
  94  6:57  Marine  
  94  6:59  Supply Depot  
  98  7:06  SCV x2  
  98  7:07  Supply Depot, SCV  
  101  7:17  Supply Depot  
  101  7:18  SCV  
  101  7:19  Supply Depot, SCV x2  
  104  7:23  Command Center  
  104  7:24  Marine x3  
  104  7:25  Marine x2  
  109  7:31  SCV x3  
  112  7:42  Marine x4  
  112  7:43  Marine  
  117  7:49  SCV x3  
  120  8:00  Marine x5  
  120  8:01  SCV x2  
  127  8:09  Barracks  
  127  8:11  Barracks  
  127  8:18  Marine x5  
  132  8:35  Marine  
  132  8:36  Marine x4  
  132  8:37  Orbital Command  
  137  8:43  Barracks  
  137  8:48  Barracks  
  137  8:53  Marine x2  
  137  8:54  Marine x3  
  142  9:04  SCV x2  
  144  9:18  Supply Depot  
  144  9:24  Barracks  
  144  9:30  Marine x5  
  144  9:31  Marine x2  
  151  9:48  Marine x6  
  151  9:49  Marine  
  158  9:53  Marine  
  158  10:06  Marine x7  
  165  10:11  Marine  
  166  10:18  Supply Depot  
  166  10:23  Marine  
  166  10:24  Marine x6  
  173  10:28  Marine  
  174  10:35  Supply Depot  
  174  10:37  Supply Depot  
  174  10:41  Marine x2  
  174  10:42  Marine x6, Barracks  
  180  10:46  Marine  
  182  10:57  Marine  
  182  10:59  Marine x3  
  182  11:00  Marine x5  
  188  11:04  Marine  
  188  11:09  Supply Depot x2  
  188  11:10  Supply Depot  
  189  11:11  Supply Depot  
  189  11:15  Marine  
  189  11:17  Marine x5  
  189  11:18  Marine x3  
  197  11:22  Marine  
Tags
 
Add a new tag
Caveats
  • Supply blocks, unpowered buildings, or Contaminate may cause inaccurate times.
  • Supply counts are checked every 10 seconds.